 Dungeon Crawl Stone Soup version 0.32-a0-560-g4c7f4391e0 (webtiles) character file.

Game seed: 10096625796044490341

1645 eruonna the Sneak (level 8, -2/55 HPs)
             Began as an Octopode Earth Elementalist on Feb 29, 2024.
             Killed from afar by a steam dragon (22 damage)
             ... with a ball of steam
             ... on level 6 of the Dungeon.
             The game lasted 00:28:30 (5336 turns).

eruonna the Sneak (Octopode Earth Elementalist)     Turns: 5336, Time: 00:28:31

Health: -2/55      AC:  1    Str:  8    XL:     8   Next: 99%
Magic:  8/11       EV: 13    Int: 19    God:
Gold:   306        SH:  0    Dex: 12    Spells: 4/11 levels left

rFire   . . .        j - +2 short sword (flame)
rCold   . . .        (no shield)
rNeg    . . .        (helmet restricted)
rPois   .            (no amulet)
rElec   .            (no ring)
rCorr   .            (no ring)
SInv    .            (no ring)
Will    .....        (no ring)
Stlth   +++++        (no ring)
HPRegen 0.29/turn    (no ring)
MPRegen 0.12/turn    (no ring)
                     (no ring)

%: no passive effects
@: no status effects
A: almost no armour, amphibious, 8 rings, camouflage 1, gelatinous body 1,
(nimble swimmer 1), tentacles
a: no special abilities


You were on level 6 of the Dungeon.
You visited 1 branch of the dungeon, and saw 6 of its levels.

You collected 306 gold pieces.

Inventory:

Hand Weapons
 e - a +0 dagger of protection
 h - a +0 falchion
 j - a +2 short sword of flaming (weapon)
 k - a +0 sling
 l - a +1 dagger of venom
Missiles
 d - 35 stones
 m - a throwing net
Wands
 b - a wand of flame (11)
Potions
 a - a potion of magic
 c - 2 potions of attraction
 f - a potion of might
 g - 3 potions of curing
 i - a potion of lignification {unknown}


   Skills:
 - Level 5.0 Fighting
 + Level 3.3 Short Blades
 - Level 2.0 Dodging
 + Level 7.8 Stealth
 - Level 2.0 Spellcasting
 - Level 5.2 Conjurations
 - Level 6.0 Earth Magic


You had 4 spell levels left.
You knew the following spells:

 Your Spells              Type           Power      Damage    Failure   Level
a - Sandblast             Erth           48%        2d12      1%          1
b - Passwall              Erth           24%        N/A       4%          3
c - Stone Arrow           Conj/Erth      46%        3d9       4%          3

Your spell library contained the following spells:

 Spells                   Type           Power      Damage    Failure   Level
 Sting                    Conj/Alch      44%        1d5       6%          1
 Apportation              Tloc           2%         N/A       17%         1
 Necrotise                Necr           4%         1d4       17%         1
 Summon Small Mammal      Summ           4%         N/A       17%         1
 Brom's Barrelling Bould  Conj/Erth      23%        2d4       17%         4
 Cigotuvi's Dreadful Rot  Necr/Alch/Air  2%         N/A       26%         2
 Mercury Vapours          Alch/Air       2%         N/A       26%         2
 Petrify                  Alch/Erth      13%        N/A       43%         4
 Ignite Poison            Fire/Alch      1%         N/A       86%         4
 Olgreb's Toxic Radiance  Alch           1%         N/A       86%         4
 Freezing Cloud           Conj/Ice/Air   4%         6-21      93%         5


Dungeon Overview and Level Annotations

Branches:
Dungeon (6/15)
 Temple: D:4-7

Altars:
Gozag
Nemelex Xobeh
Sif Muna
Xom


Innate Abilities, Weirdness & Mutations

You cannot wear most types of armour.
You are amphibious.
You can wear up to eight rings at the same time.
Your skin changes colour to match your surroundings (Stealth+).
Your rubbery body absorbs attacks. (AC +1, EV +1)
((You are camouflaged when in or above water. (Stealth+)))
You have tentacles for arms and can constrict up to eight enemies at once.


Message History

An ogre comes into view. It is wielding a +0 giant club.
You close the door.
Casting: Stone Arrow (dangerous; 4% risk of failure)
Confirm with . or Enter, or press ? or * to list all spells.
Aiming: Stone Arrow (dangerous; 4% risk of failure)
Press: ? - help, Shift-Dir - straight line, f - ogre
Aim: an ogre, wielding a +0 giant club (86% to hit)
The stone arrow hits the ogre!
The ogre is heavily wounded.
You hit the ogre. You burn the ogre. You squeeze the ogre.
The ogre is severely wounded.
You hit the ogre. You burn the ogre.
The ogre is severely wounded.
The ogre closely misses you.
You barely miss the iguana. You grab the iguana. You constrict the iguana.
The iguana bites you! The ogre barely misses you.
You barely miss the ogre.
The ogre is severely wounded.
You constrict the iguana. The iguana bites you!
You hit the ogre. You burn the ogre.
You kill the ogre!
You constrict the iguana. The iguana closely misses you.
You hit the iguana. You burn the iguana.
The iguana is almost dead.
You constrict the iguana!
You kill the iguana!
Training target 5.0 for Fighting reached!
Your Fighting skill increases to level 5!
You start resting.
A steam dragon comes into view.
Things that are here:
a +0 giant club; an ogre corpse A steam dragon is nearby!
The sentinel's mark upon you fades away.
The steam dragon breathes steam at you. The ball of steam hits you!
A gnoll comes into view. It is wielding a +0 spear.
The steam dragon breathes steam at you. The ball of steam hits you!!
You die...

##..##
##.######...'#
#...........##
#..###)##...'#
####..#
#)###..##
.....# #.#
#..'# #..###.#
#§.##
#######......#
#§.'#
...........###
#@§##
)######.##.#
##D+# .#
#.##.# #.## .#
#.##.# #.+#
.## #.##.#
#.## ..#
#.##.# #.+#
#.# #.##.#
#.## #.#
#.##.# #g####
#.# #.##.#
#....#


You could see a steam dragon (catching breath) and a gnoll.

Vanquished Creatures
  An orc warrior (D:6)
  2 black bears (D:6)
  A centaur (D:5)
  4 ogres
  A phantom (D:5)
  2 bullfrogs
  2 scorpions
  An orc priest (D:6)
  3 hounds
  2 gnoll boudas (D:5)
  2 jellies
  An iguana (D:6)
  4 orc wizards
  9 adders
  8 gnolls (D:5)
  A white imp (D:5)
  2 ribbon worms
  2 dart slugs
  12 orcs
  5 bats
  12 endoplasms
  4 giant cockroaches
  9 goblins
  7 hobgoblins
  4 jackals (D:5)
  8 kobolds
  3 quokkas
  3 ball pythons
  3 frilled lizards
  5 rats
123 creatures vanquished.

Notes
Turn   | Place    | Note
-------+----------+-------------------------------------------
     0 | D:1      | eruonna the Octopode Earth Elementalist began the quest for
                  | the Orb.
     0 | D:1      | Reached XP level 1. HP: 11/11 MP: 3/3
   104 | D:1      | Reached XP level 2. HP: 17/17 MP: 5/5
   630 | D:1      | Reached XP level 3. HP: 21/21 MP: 6/6
   634 | D:1      | Learned a level 3 spell: Passwall
  1280 | D:2      | Reached XP level 4. HP: 27/27 MP: 7/7
  1306 | D:2      | Learned a level 3 spell: Stone Arrow
  2046 | D:3      | Found a sparkling altar of Nemelex Xobeh.
  2047 | D:3      | Found an opulent altar of Gozag.
  2074 | D:3      | Found a shimmering altar of Xom.
  2669 | D:4      | Reached XP level 5. HP: 22/31 MP: 8/8
  3000 | D:4      | Found a shimmering blue altar of Sif Muna.
  3061 | D:4      | Reached skill level 5 in Earth Magic
  3085 | D:4      | Reached XP level 6. HP: 36/36 MP: 9/9
  3382 | D:5      | Entered Level 5 of the Dungeon
  3502 | D:5      | Reached XP level 7. HP: 33/41 MP: 10/10
  3640 | D:5      | Reached skill level 5 in Conjurations
  3760 | D:5      | Reached skill level 3 in Stealth
  3771 | D:5      | Reached skill level 1 in Fighting
  3775 | D:5      | Reached skill level 4 in Stealth
  4136 | D:5      | Reached skill level 5 in Stealth
  4136 | D:5      | Reached XP level 8. HP: 33/51 MP: 11/11
  4628 | D:5      | Reached skill level 6 in Stealth
  4634 | D:5      | Reached skill level 1 in Short Blades
  5218 | D:6      | Reached skill level 7 in Stealth
  5325 | D:6      | Reached skill level 5 in Fighting
  5336 | D:6      | Killed from afar by a steam dragon

Illustrated notes

Levels and vault maps discovered:
D:1:      nzn_arrival_settlement, layout_basic
D:2:      layout_rooms
D:3:      minmay_skewed_foursquare, layout_loops_ring,
          grunt_temple_overflow_opulence,
          mainiacjoe_overflow_concentric_impassable, serial_co_window_serial,
          co_window_paths_a, co_window_paths_a, co_window_paths_a,
          co_window_paths_a, co_window_corner_a, co_window_2corner,
          co_window_cross_2, co_window_broadway_a, co_window_cross_2,
          co_window_cross_2, co_window_paths_e, glass_columns_a, glass_columns_c
D:4:      layout_basic, nicolae_sif_muna_little_library, kennysheep_boxes
D:5:      layout_basic
D:6:      layout_loops_ring, serial_library_hellmonk_filled_rooms

Skill      XL: |  1  2  3  4  5  6  7  8 |
---------------+-------------------------+-----
Conjurations   | 2 3 4 5 |  5.2
Earth Magic    | 4 5 6 |  6.0
Stealth        | 5 7 |  7.8
Fighting       | 2 5 |  5.0
Short Blades   | 3 |  3.3
Dodging        | |  2.0
Spellcasting   | |  2.0

Action                     |  1- 3 |  4- 6 |  7- 9 || total
---------------------------+-------+-------+-------++-------
  Melee: Dagger            |    59 |    97 |    23 ||   179
         Tentacles         |    15 |    19 |    29 ||    63
         Constrict         |    15 |    27 |    26 ||    68
         Short sword       |       |       |    88 ||    88
   Cast: Sandblast         |     3 |     3 |     3 ||     9
         Stone Arrow       |       |     2 |     7 ||     9
    Use: Scroll            |     5 |     4 |       ||     9
   Stab: Sleeping          |    11 |    10 |     4 ||    25
         Distracted        |       |     1 |       ||     1
 Armour: Skin              |    18 |    42 |    58 ||   118
  Dodge: Dodged            |    27 |    68 |    47 ||   142

Table legend: (Time is in decaauts)
 A = Elapsed time spent in this place.
 B = Non-inter-level travel time spent in this place.
 C = Inter-level travel time spent in this place.
 D = Time resting spent in this place.
 E = Time spent auto-exploring this place.
 F = Levels seen in this place.
 G = Mean time per level.
                   A        B        C        D        E       F      G
               +--------+--------+--------+--------+--------+-----+--------+
         Total |   5334 |   5138 |    196 |    873 |   3186 |   6 |  889.0 |
       Dungeon |   5334 |   5138 |    196 |    873 |   3186 |   6 |  889.0 |
               +--------+--------+--------+--------+--------+-----+--------+

Top non-repeatable levels by time:
     D:5: 1387 daAuts
     D:3: 1228 daAuts
     D:1: 826 daAuts
     D:4: 771 daAuts
     D:6: 561 daAuts
     D:2: 559 daAuts
